 Dungeon Crawl Stone Soup version 0.30.1-11-g7821555f0a (webtiles) character file.

Game seed: 8261151779646934854

4 comborobin the Sneak (level 1, 0/19 HPs)
             Began as a Hill Orc Delver on Dec 23, 2023.
             Slain by an orc
             ... wielding a +0 short sword
              (5 damage)
             ... on level 4 of the Dungeon.
             The game lasted 00:00:15 (56 turns).

comborobin the Sneak (Hill Orc Delver)                Turns: 56, Time: 00:00:16

Health: 0/19       AC:  3    Str: 14    XL:     1   Next: 60%
Magic:  1/1        EV: 11    Int: 10    God:
Gold:   27         SH:  0    Dex: 12    Spells: 0/0 levels left

rFire   . . .        a - +0 hand axe
rCold   . . .        (no shield)
rNeg    . . .        b - +0 leather armour
rPois   .            (no helmet)
rElec   .            (no cloak)
rCorr   .            (no gloves)
SInv    .            (no boots)
Will    .....        (no amulet)
Stlth   ++           (no ring)
HPRegen 0.23/turn    (no ring)
MPRegen 0.07/turn

%: no passive effects
@: no status effects
A: no striking features
a: no special abilities


You were on level 4 of the Dungeon.
You visited 1 branch of the dungeon, and saw 3 of its levels.

You collected 27 gold pieces.

Inventory:

Hand Weapons
 a - a +0 hand axe (weapon)
Armour
 b - a +0 leather armour (worn)
Wands
 g - a wand of digging (3)
Scrolls
 c - a scroll of fog
 d - a scroll of magic mapping
 e - a scroll of fear
 h - a scroll of blinking {unknown}
Potions
 f - a potion of haste


   Skills:
 - Level 3.6 Fighting
 + Level 3.2 Axes
 - Level 1.5 Dodging
 - Level 4.1 Stealth


You couldn't memorise any spells.
You didn't know any spells.
Your spell library was empty.

Dungeon Overview and Level Annotations

Branches:
Dungeon (6/15)
 Temple: D:4-7

Altars:


Message History

No target in view!
HP restored.
You climb downwards.
The orc barely misses you. The orc hits you with a +0 club.
There is a stone staircase leading up here.
The orc barely misses you. The orc hits you but does no damage.
You climb upwards.
You hear the sound of rushing water.
There is an entrance to a sewer on this level.
Hurry and find it before the portal rusts away!
There is a stone staircase leading down here.
You hit the orc but do no damage. You barely miss the orc.
The orc hits you with a +0 club. The orc hits you with a +0 short sword.
You hit the orc.
The orc is almost dead.
You closely miss the orc. The orc barely misses you.
The orc hits you with a +0 club.
You are too injured to fight recklessly!
You are too injured to fight recklessly!
You are too injured to fight recklessly!
You are too injured to fight recklessly!
You are too injured to fight recklessly!
You are too injured to fight recklessly!
You are too injured to fight recklessly!
You are too injured to fight recklessly!
You are too injured to fight recklessly!
You are too injured to fight recklessly!
You are too injured to fight recklessly!
You are too injured to fight recklessly!
You are too injured to fight recklessly!
You are too injured to fight recklessly!
You are too injured to fight recklessly!
You slash the orc!
You kill the orc!
You hit the orc. The orc hits you with a +0 short sword.
* * * LOW HITPOINT WARNING * * *
The orc barely misses you.
You closely miss the orc.
The orc is moderately wounded.
The orc hits you with a +0 short sword.
You die...

...
.. .#
###.#
+...+
#...#
#.).#
#@o.#
#####


You could see an orc.

Vanquished Creatures
  2 orcs (D:4)
2 creatures vanquished.

Notes
Turn   | Place    | Note
-------+----------+-------------------------------------------
     0 | D:5      | comborobin the Hill Orc Delver began the quest for the Orb.
     0 | D:5      | Reached XP level 1. HP: 19/19 MP: 1/1
     5 | D:6      | Noticed a centaur
    51 | D:5      | Noticed a hound
    56 | D:4      | Slain by an orc

Illustrated notes

Levels and vault maps discovered:
D:4:      layout_gridville, kennysheep_mini, lemuel_tele_altar,
          elyvilon_altar_3, portal_sewer_entry_d, minmay_divided_ellipse,
          uniq_edmund
D:5:      minmay_diamond_boxcup, layout_loops_ring,
          ashenzari_conservatory_becter, lemuel_round_altar
D:6:      layout_cave_pools, minmay_temple_entry_glass,
          minmay_misc_feat_ornament, uniq_pikel, uniq_eustachio

Skill      XL: |  1 |
---------------+----+-----
Axes           | 3 |  3.2
Fighting       | |  3.6
Dodging        | |  1.5
Stealth        | |  4.1

Action                     || total
---------------------------++-------
  Melee: Hand axe          ||    11
 Armour: Leather armour    ||     2
  Dodge: Dodged            ||    10
